 Dungeon Crawl Stone Soup version 0.31.0-32-g396128a36d (webtiles) character file.

Game seed: 16268584217553099844

39 601d51SH the Sneak (level 3, 0/31 HPs)
             Began as a Gnoll Brigand on Mar 31, 2024.
             Slain by a goblin
             ... wielding a +0 dagger
             ... led by Robin
              (3 damage)
             ... on level 2 of the Dungeon.
             The game lasted 00:01:21 (1152 turns).

601d51SH the Sneak (Gnoll Brigand)                  Turns: 1152, Time: 00:01:23

Health: 0/31       AC:  3    Str: 12    XL:     3   Next: 47%
Magic:  4/4        EV: 12    Int: 10    God:
Gold:   74         SH:  0    Dex: 13    Spells: 3/3 levels left

rFire   . . .        a - +2 dagger
rCold   . . .        (no shield)
rNeg    . . .        b - +0 robe
rPois   .            (no helmet)
rElec   .            c - +0 cloak
rCorr   .            (no gloves)
SInv    .            (no boots)
Will    .....        (no amulet)
Stlth   ++++         (no ring)
HPRegen 0.25/turn    (no ring)
MPRegen 0.09/turn

%: no passive effects
@: no status effects
A: fangs 1, strong nose, distributed training
a: no special abilities


You were on level 2 of the Dungeon.
You visited 1 branch of the dungeon, and saw 2 of its levels.

You collected 74 gold pieces.

Inventory:

Hand Weapons
 a - a +2 dagger (weapon)
Missiles
 d - 9 poisoned darts (quivered)
 e - 3 curare-tipped darts
Armour
 b - a +0 robe (worn)
 c - a +0 cloak (worn)
Scrolls
 f - a scroll of revelation {unknown}
 g - a scroll of enchant weapon {unknown}
 h - a scroll of acquirement {unknown}
Potions
 i - a potion of mutation {unknown}


   Skills:
 + Level 4.5 Fighting
 + Level 4.5 Short Blades
 + Level 0.9 Long Blades
 + Level 0.9 Axes
 + Level 0.9 Maces & Flails
 + Level 0.9 Polearms
 + Level 0.9 Staves
 + Level 0.9 Ranged Weapons
 + Level 4.5 Throwing
 + Level 0.9 Armour
 + Level 2.6 Dodging
 + Level 7.8 Stealth
 + Level 0.9 Shields
 + Level 0.9 Unarmed Combat
 + Level 0.9 Spellcasting
 + Level 0.6 Conjurations
 + Level 0.6 Hexes
 + Level 0.6 Summonings
 + Level 0.6 Necromancy
 + Level 0.6 Translocations
 + Level 0.6 Fire Magic
 + Level 0.6 Ice Magic
 + Level 0.6 Air Magic
 + Level 0.6 Earth Magic
 + Level 0.6 Alchemy
 + Level 1.0 Invocations
 + Level 0.9 Evocations
 + Level 0.7 Shapeshifting


You had 3 spell levels left.
You didn't know any spells.
Your spell library contained the following spells:

 Spells                   Type           Power      Damage    Failure   Level
 Animate Armour           Summ/Erth      2%         N/A       95%         4
 Summon Lightning Spire   Summ/Air       1%         N/A       95%         4
 Lee's Rapid Deconstruct  Erth           0%         3d4*      100%        5


Dungeon Overview and Level Annotations

Branches:
Dungeon (2/15)

Altars:

Shops:
D:2 [

Annotations:
D:2 Robin


Innate Abilities, Weirdness & Mutations

You have very sharp teeth.
Your uncanny sense of smell can sniff out nearby items.
Your experience applies equally to all skills.


Message History

You kill the rat!
Items here: ))))) ††.
Things that are here:
a +0 club; a goblin corpse You start resting.
HP restored.
Things that are here:
a +0 club; a goblin corpse You see here 6 stones.
Things that are here:
a +0 dagger; a +0 dagger; a goblin corpse
Found a stone staircase leading down.
Robin is nearby!
A hobgoblin comes into view.
Robin shouts!
Found Eddomeebb's Armour Boutique.
The hobgoblin shouts!
You hear a shout!
Robin roars a battlecry!
The goblins go into a battle-frenzy!
Robin hits you with a +0 mace!
You hit Robin but do no damage. Robin throws the goblin at you!
The goblin hits you but does no damage.
You hit Robin.
Robin is lightly wounded.
The hobgoblin barely misses you. Robin hits you with a +0 mace!
The goblin hits you but does no damage.
You hit Robin but do no damage.
Robin is lightly wounded.
The hobgoblin hits you. Robin throws the goblin at you!
The goblin completely misses you.
You hit Robin. Your bite misses Robin.
Robin is lightly wounded.
You hit Robin but do no damage.
Robin is lightly wounded.
The goblin closely misses you. The hobgoblin hits you.
* * * LOW HITPOINT WARNING * * *
Robin hits you with a +0 mace.
* * * LOW HITPOINT WARNING * * *
The goblin hits you with a +0 dagger.
You die...

.. ## #....8.8... ..
#.....∩....# ###
###....8.8...# ...
.'..........# ##
#####..........#
#######<................
................g#.....#
.........< #.@g.....#
.(..#### ####g.g.#####
###.########.......#
#.).......##=......#
........#.##.$.....#
..........##.......#
........#.########.#
####....#.# #####.#
##.#...####.....#


You could see Robin, a hobgoblin (strong) and 2 goblins.

Vanquished Creatures
  15 goblins
  2 hobgoblins
  4 kobolds (D:1)
  3 quokkas (D:1)
  4 ball pythons
  4 bats (D:1)
  A frilled lizard (D:1)
  3 rats
36 creatures vanquished.

Notes
Turn   | Place    | Note
-------+----------+-------------------------------------------
     0 | D:1      | 601d51SH the Gnoll Brigand began the quest for the Orb.
     0 | D:1      | Reached XP level 1. HP: 20/20 MP: 1/1
   116 | D:1      | Reached XP level 2. HP: 23/26 MP: 2/2
   779 | D:1      | Reached XP level 3. HP: 30/31 MP: 3/3
   942 | D:2      | Found a faded altar of an unknown god.
   976 | D:2      | Noticed Robin
  1014 | D:2      | Reached skill level 1 in Invocations
  1146 | D:2      | Found Eddomeebb's Armour Boutique.
  1152 | D:2      | Slain by a goblin

Illustrated notes

Levels and vault maps discovered:
D:1:      eino_arrival_water_cross, layout_basic
D:2:      layout_basic, serial_shops, nicolae_shop_tiny_statue_garden,
          basic_altar, ebering_ecumenical_altar_sacrificial, uniq_robin,
          uniq_sigmund

Skill      XL: |  1  2  3 |
---------------+----------+-----
Invocations    | 1 |  1.0
Fighting       | |  4.5
Short Blades   | |  4.5
Long Blades    | |  0.9
Axes           | |  0.9
Maces & Flails | |  0.9
Polearms       | |  0.9
Staves         | |  0.9
Ranged Weapons | |  0.9
Throwing       | |  4.5
Armour         | |  0.9
Dodging        | |  2.6
Stealth        | |  7.8
Shields        | |  0.9
Unarmed Combat | |  0.9
Spellcasting   | |  0.9
Conjurations   | |  0.6
Hexes          | |  0.6
Summonings     | |  0.6
Necromancy     | |  0.6
Translocations | |  0.6
Fire Magic     | |  0.6
Ice Magic      | |  0.6
Air Magic      | |  0.6
Earth Magic    | |  0.6
Alchemy        | |  0.6
Evocations     | |  0.9
Shapeshifting  | |  0.7

Action                     || total
---------------------------++-------
  Melee: Dagger            ||    91
         Bite              ||     3
         Punch             ||     1
   Stab: Sleeping          ||     7
 Armour: Robe              ||    58
  Dodge: Dodged            ||    55
